 Dungeon Crawl Stone Soup version 0.28.0-49-g6dfe1f597d (webtiles) character file.

Game seed: 5792222022827261367

995 Zeld the Chiller (level 8, -1/63 HPs)
             Began as a Ghoul Ice Elementalist on May 12, 2022.
             Was a Believer of Vehumet.
             Slain by a wight
             ... wielding a +2 mace
              (10 damage)
             ... on level 6 of the Dungeon.
             The game lasted 00:09:02 (6218 turns).

Zeld the Chiller (Ghoul Ice Elementalist)           Turns: 6218, Time: 00:09:03

Health: -1/63      AC:  2    Str: 12    XL:     8   Next: 19%
Magic:  3/13       EV: 12    Int: 12    God:    Vehumet [**....]
Gold:   299        SH:  0    Dex:  9    Spells: 5/16 levels left

rFire   . . .      SeeInvis .   m - +0 whip (venom)
rCold   + . .      Faith    .   (no shield)
rNeg    + + +      Spirit   .   a - +0 robe
rPois   ∞          Reflect  .   (no helmet)
rElec   .          Harm     .   (no cloak)
rCorr   .          Rampage  .   (no gloves)
Will    .....                   (no boots)
Stlth   ++........              (no amulet)
HPRegen 0.00/turn               (no ring)
MPRegen 0.13/turn               (no ring)

@: very slightly contaminated, inhibited regen
A: claws 1, cold resistance 1, negative energy resistance 3, inhibited
regeneration, torment resistance 2
a: Renounce Religion


You were on level 6 of the Dungeon.
You worshipped Vehumet.
Vehumet was pleased with you.
You visited 1 branch of the dungeon, and saw 6 of its levels.

You collected 299 gold pieces.

Inventory:

Hand Weapons
 m - a +0 whip of venom (weapon)
Armour
 a - a +0 robe (worn)
Wands
 n - a wand of iceblast (24)
 s - a wand of paralysis (10)
Scrolls
 b - 2 scrolls of teleportation {unknown}
 e - a scroll of fog {unknown}
 f - 3 scrolls of identify {unknown}
 j - a scroll of magic mapping {unknown}
 o - a scroll of silence {unknown}
 p - a scroll of brand weapon {unknown}
 q - 2 scrolls of vulnerability {unknown}
 r - a scroll of holy word {unknown}
 t - 2 scrolls of immolation {unknown}
Potions
 c - a potion of might {unknown}
 d - a potion of invisibility {unknown}
 g - a potion of flight {unknown}
 h - a potion of resistance {unknown}
 i - a potion of attraction {unknown}
 k - 2 potions of haste {unknown}
 l - 2 potions of mutation {unknown}


   Skills:
 + Level 3.3 Fighting
 + Level 3.4 Dodging
 + Level 4.4 Stealth
 * Level 4.5 Spellcasting
 * Level 7.0 Ice Magic


You had 5 spell levels left.
You knew the following spells:

 Your Spells              Type           Power      Damage    Failure   Level
a - Freeze                Ice            76%        1d9       1%          1
b - Frozen Ramparts       Ice            38%        1d5       3%          3
c - Ozocubu's Armour      Ice            19%        N/A       3%          3
d - Hailstorm             Conj/Ice       11%        3d5       45%         4

Your spell library contained the following spells:

 Spells                   Type           Power      Damage    Failure   Level
 Static Discharge         Conj/Air       2%         N/A       32%         2


Dungeon Overview and Level Annotations

Branches:
Dungeon (6/15)
 Temple: D:4-7

Altars:
Ashenzari
Makhleb
Ru
Vehumet
Xom

Shops:
D:1 [


Innate Abilities, Weirdness & Mutations

You thrive by killing the living.
You are immune to poison.
You have sharp fingernails.
Your flesh is cold resistant. (rC+)
You are immune to negative energy. (rN+++)
You do not regenerate when monsters are visible.
You are immune to unholy pain and torment.


Message History

Confirm with . or Enter, or press ? or * to list all spells.
The spell is quite dangerous to miscast (45% risk of failure)!
Continue anyway?
Casting: Hailstorm (quite dangerous; 45% risk of failure)
Press: ? - help, Dir - look around, f - activate You miscast Hailstorm.
You are very lightly contaminated with residual magic.
Your claws feel numb with cold!
You resist.
Unknown command.
Casting: Hailstorm (quite dangerous; 45% risk of failure)
Confirm with . or Enter, or press ? or * to list all spells.
A film of ice covers your body! The wight barely misses you.
You hit the wight but do no damage.
The wight is moderately damaged.
The wight closely misses you.
You closely miss the wight.
The wight is moderately damaged.
The wight barely misses you.
You hit the wight but do no damage.
The wight is moderately damaged.
The wight hits you with a +2 great sword.
You closely miss the wight.
The wight is moderately damaged.
The wight hits you with a +2 great sword!!
You hit the wight.
The wight is heavily damaged.
The wight completely misses you.
You hit the wight but do no damage.
The wight is heavily damaged.
The wight hits you with a +2 great sword!
Your icy armour will break if you move.
Continue? [Y]es or [N]o only, please.
Your icy armour will break if you move.
Continue? [Y]es or [N]o only, please.
Your icy armour will break if you move.
Continue?
Your icy armour cracks and falls away as you move.
The wight hits you with a +2 great sword!
* * * LOW HITPOINT WARNING * * *
There is a stone staircase leading up here.
The wight hits you with a +2 mace!
You die...

# #.#+######.#..#.#.##
#.#.....†.##.#.......#
#.........z......##.##
####......##.#.#.#....
#......##.....#..z.
#......####z..[..#.
#......# ######.#.
###..z...# #...
#...@z...# #.##.
#.#......# . #.
#.######## #. .. # #.
##


You could see 3 wights.

Vanquished Creatures
  Sigmund (D:4)
  An ice beast (D:5)
  A black bear (D:6)
  An ogre (D:5)
  A gnoll sergeant (D:5)
  2 scorpions
  A crimson imp (D:4)
  A jelly (D:5)
  2 hounds (D:5)
  Jessica (D:2)
  An orc wizard (D:4)
  7 gnolls
  5 adders
  A white imp (D:5)
  An ufetubus (D:5)
  2 worms
  A dart slug (D:4)
  4 orcs
  8 ball pythons
  2 bats (D:3)
  10 endoplasms
  3 giant cockroaches
  9 goblins
  8 hobgoblins
  8 jackals
  7 kobolds
  5 quokkas
  9 frilled lizards
  4 rats
107 creatures vanquished.

Notes
Turn   | Place    | Note
-------+----------+-------------------------------------------
     0 | D:1      | Zeld the Ghoul Ice Elementalist began the quest for the
                  | Orb.
     0 | D:1      | Reached XP level 1. HP: 14/14 MP: 2/2
   124 | D:1      | Found Bamp's Antique Armour Shoppe.
   150 | D:1      | Reached XP level 2. HP: 10/20 MP: 2/4
   845 | D:1      | Reached XP level 3. HP: 25/27 MP: 1/5
  1339 | D:2      | Found a radiant altar of Vehumet.
  1345 | D:2      | Became a worshipper of Vehumet
  1455 | D:1      | Learned a level 3 spell: Frozen Ramparts
  1470 | D:2      | Reached skill level 5 in Ice Magic
  1514 | D:2      | Noticed Jessica
  1537 | D:2      | Killed Jessica
  1538 | D:2      | Reached skill level 1 in Fighting
  1538 | D:2      | Reached XP level 4. HP: 12/35 MP: 4/6
  1542 | D:2      | Learned a level 3 spell: Ozocubu's Armour
  2032 | D:2      | Reached XP level 5. HP: 38/40 MP: 3/8
  2082 | D:2      | Found a faded altar of an unknown god.
  2141 | D:2      | Reached * piety under Vehumet
  2141 | D:2      | Offered knowledge of Foxfire by Vehumet.
  3270 | D:4      | Offered knowledge of Static Discharge by Vehumet.
  3289 | D:4      | Reached ** piety under Vehumet
  3555 | D:4      | Noticed Sigmund
  3695 | D:4      | Reached XP level 6. HP: 43/48 MP: 6/9
  3700 | D:4      | Learned a level 4 spell: Hailstorm
  3990 | D:4      | Found a shimmering altar of Xom.
  3991 | D:4      | Found a burning altar of Makhleb.
  4160 | D:4      | Killed Sigmund
  4161 | D:4      | Reached skill level 6 in Ice Magic
  4370 | D:5      | Entered Level 5 of the Dungeon
  4480 | D:5      | Noticed an ice beast
  4540 | D:5      | Killed an ice beast
  4541 | D:5      | Reached XP level 7. HP: 15/56 MP: 11/11
  4823 | D:5      | Found a broken altar of Ashenzari.
  5296 | D:5      | Found a sacrificial altar of Ru.
  5805 | D:5      | Reached XP level 8. HP: 42/63 MP: 9/13
  6087 | D:6      | Reached skill level 7 in Ice Magic
  6218 | D:6      | Slain by a wight

Illustrated notes

Levels and vault maps discovered:
D:1:      dpeg_arrival_tiny_i, layout_basic, serial_shops, shop
D:2:      layout_rooms, basic_altar, hellmonk_ecumenical_altar_slurped_away,
          minmay_quantized, uniq_jessica
D:3:      layout_loops_cross
D:4:      layout_loops_ring, grunt_temple_overflow_champion_of_chaos,
          minivault_11, uniq_sigmund
D:5:      layout_basic, nicolae_ashenzari_skybound,
          mainiacjoe_overflow_surrounded_room, lightli_minifort
D:6:      layout_basic, nicolae_overflow_hallway_of_the_gods

Skill      XL: |  1  2  3  4  5  6  7  8 |
---------------+-------------------------+-----
Spellcasting   | 2 3 4 |  4.5
Dodging        | 2 3 |  3.4
Ice Magic      | 5 6 7 |  7.0
Fighting       | 1 2 3 |  3.3
Stealth        | 3 4 |  4.4

Action                   |  1- 3 |  4- 6 |  7- 9 || total
-------------------------+-------+-------+-------++-------
Melee: Unarmed           |    26 |    30 |       ||    56
       Punch             |       |     2 |       ||     2
       Whip              |       |    18 |    33 ||    51
 Cast: Freeze            |    41 |    72 |    19 ||   132
       Frozen Ramparts   |     2 |     8 |     8 ||    18
       Ozocubu's Armour  |       |     1 |     1 ||     2
       Hailstorm         |       |       |     2 ||     2
 Stab: Sleeping          |     1 |     2 |     1 ||     4
Armor: Robe              |    11 |    14 |     5 ||    30
Dodge: Dodged            |    59 |    74 |    56 ||   189
